SL
ECHO PARK LAKERS @ ATHLETIC CLUB KC
08/02/2030
 
TOP OF THE 1ST
Echo Park Lakers batting - Pitching for Athletic Club KC : RHP Pedro Ramírez
Pitching: RHP Pedro Ramírez
Batting: RHB Miguel Morán 0-0: Foul Ball, location: 2F
0-1: Ground out 4-3 (Groundball, 34D)
Batting: LHB Stefan Vanderhoof 0-0: Ball
1-0: Called Strike
1-1: SINGLE (Groundball, 34D)
Batting: RHB Guillermo Coss 0-0: Ball
1-0: SINGLE (Line Drive, 8RS)
Stefan Vanderhoof to second
Runner from 2nd tries for 3rd, SAFE, no throw
Batting: LHB Count Dante 0-0: Ball
1-0: Foul Ball, location: 2F
1-1: Ball
2-1: Grounds into double play, 4-6-3 (Groundball, 4)
Top of the 1st over - 0 runs, 2 hits, 0 errors, 1 left on base; Echo Park 0 - Athletic Club KC 0
BOTTOM OF THE 1ST
Athletic Club KC batting - Pitching for Echo Park Lakers : LHP Will Hunting
Pitching: LHP Will Hunting
Batting: RHB Khal Drogo 0-0: Swinging Strike
0-1: Bunt for hit - play at first, batter OUT! 2-3
Batting: RHB Pil-joong Pak 0-0: Ball
1-0: Ground out 6-3 (Groundball, 6)
Batting: SHB Pedro Vázquez 0-0: Ball
1-0: Foul Ball, location: 2F
1-1: Ball
2-1: SOLO HOME RUN (Flyball, 9D), Distance : 383 ft
Batting: RHB Jesús Vargas 0-0: Ball
1-0: SINGLE (Groundball, 56D)
Batting: RHB Dong-min Cho 0-0: Ball
1-0: Ball
2-0: Foul Ball, location: 2F
2-1: Ball
3-1: SINGLE (Line Drive, 4M)
Jesús Vargas to second
Runner from 2nd tries for 3rd, SAFE, no throw
Batting: RHB Richard Younger 0-0: Ball
1-0: Foul Ball, location: 2F
1-1: Ball
2-1: Fly out, F7 (Flyball, 7LMF)
Bottom of the 1st over - 1 run, 3 hits, 0 errors, 2 left on base; Echo Park 0 - Athletic Club KC 1
TOP OF THE 2ND
Echo Park Lakers batting - Pitching for Athletic Club KC : RHP Pedro Ramírez
Batting: RHB Yoshihito Samurakami 0-0: Ball
1-0: Ball
2-0: SINGLE (Line Drive, 4MD)
Batting: RHB Joseph Gray 0-0: Called Strike
0-1: Ball
1-1: Foul Ball, location: 2F
1-2: Strikes out looking
Batting: RHB Alfredo Mojica 0-0: Ball
1-0: Foul Ball, location: 2F
1-1: Swinging Strike
1-2: Strikes out swinging
Batting: RHB Zhenya Worobtsoff 0-0: Ball
1-0: Ball
2-0: Ball
3-0: Called Strike
3-1: Foul Ball, location: 2F
3-2: 2-RUN HOME RUN (Flyball, 7LD), Distance : 369 ft
Batting: RHB Ismael Sandoval 0-0: Called Strike
0-1: Ball
1-1: Swinging Strike
1-2: Strikes out looking
Top of the 2nd over - 2 runs, 2 hits, 0 errors, 0 left on base; Echo Park 2 - Athletic Club KC 1
BOTTOM OF THE 2ND
Athletic Club KC batting - Pitching for Echo Park Lakers : LHP Will Hunting
Batting: LHB Tsai Ng 0-0: Called Strike
0-1: Ball
1-1: Called Strike
1-2: Strikes out swinging
Batting: RHB Pedro Solís 0-0: Ball
1-0: Ball
2-0: Ball
3-0: Called Strike
3-1: Foul Ball, location: 2F
3-2: Strikes out swinging
Batting: LHB Manuel Domínguez 0-0: Ball
1-0: Called Strike
1-1: Ball
2-1: Foul Ball, location: 2F
2-2: Ball
3-2: Strikes out swinging
Bottom of the 2nd over - 0 runs, 0 hits, 0 errors, 0 left on base; Echo Park 2 - Athletic Club KC 1
TOP OF THE 3RD
Echo Park Lakers batting - Pitching for Athletic Club KC : RHP Pedro Ramírez
Batting: RHB Miguel Morán 0-0: Foul Ball, location: 2F
0-1: Swinging Strike
0-2: Ball
1-2: Fly out, F9 (Line Drive, 89M)
Batting: LHB Stefan Vanderhoof 0-0: Foul Ball, location: 2F
0-1: Ball
1-1: Ball
2-1: Ball
3-1: Called Strike
3-2: Fly out, F5 (Popup, 5L)
Batting: RHB Guillermo Coss 0-0: Foul Ball, location: 2F
0-1: Ball
1-1: Ball
2-1: Swinging Strike
2-2: Ball
3-2: Base on Balls
Batting: LHB Count Dante 0-0: Called Strike
0-1: Ball
1-1: Called Strike
Guillermo Coss steals 2nd base
1-2: Foul Ball, location: 2F
1-2: Foul Ball, location: 2F
1-2: Ball
2-2: Fly out, F7 (Flyball, 7S)
Top of the 3rd over - 0 runs, 0 hits, 0 errors, 1 left on base; Echo Park 2 - Athletic Club KC 1
BOTTOM OF THE 3RD
Athletic Club KC batting - Pitching for Echo Park Lakers : LHP Will Hunting
Batting: RHB Khal Drogo 0-0: Ground out 5-3 (Groundball, 5L)
Batting: RHB Pil-joong Pak 0-0: Ball
1-0: Called Strike
1-1: Ball
2-1: Called Strike
2-2: Fly out, F8 (Flyball, 78D)
Batting: SHB Pedro Vázquez 0-0: Ball
1-0: Called Strike
1-1: Ball
2-1: Ball
3-1: Called Strike
3-2: Fly out, F8 (Line Drive, 8RD)
Bottom of the 3rd over - 0 runs, 0 hits, 0 errors, 0 left on base; Echo Park 2 - Athletic Club KC 1
TOP OF THE 4TH
Echo Park Lakers batting - Pitching for Athletic Club KC : RHP Pedro Ramírez
Batting: RHB Yoshihito Samurakami 0-0: Swinging Strike
0-1: Ball
1-1: Fly out, F6 (Line Drive, 6M)
Batting: RHB Joseph Gray 0-0: Foul Ball, location: 2F
0-1: Foul Ball, location: 2F
0-2: Ball
1-2: Strikes out swinging
Batting: RHB Alfredo Mojica 0-0: Swinging Strike
0-1: Ball
1-1: Ball
2-1: Called Strike
2-2: Strikes out looking
Top of the 4th over - 0 runs, 0 hits, 0 errors, 0 left on base; Echo Park 2 - Athletic Club KC 1
BOTTOM OF THE 4TH
Athletic Club KC batting - Pitching for Echo Park Lakers : LHP Will Hunting
Now in CF: Jesús Villalba
Batting: RHB Jesús Vargas 0-0: Ball
1-0: Ball
2-0: Ball
3-0: Called Strike
3-1: Base on Balls
Batting: RHB Dong-min Cho 0-0: Ball
1-0: Ball
2-0: Ball
3-0: Base on Balls
Jesús Vargas to second
Batting: RHB Richard Younger 0-0: Foul Ball, location: 2F
0-1: TRIPLE (Flyball, 78XD)
Jesús Vargas scores
Dong-min Cho scores
Batting: LHB Tsai Ng 0-0: Ball
1-0: Called Strike
1-1: Ball
2-1: Called Strike
2-2: Fly out, F5 (Popup, 56)
Batting: RHB Pedro Solís 0-0: Ball
1-0: Fly out, F8 (Flyball, 8LXD)
Runner from 3rd tags up, SCORES, no throw
Batting: LHB Manuel Domínguez 0-0: Ball
1-0: Foul Ball, location: 2F
1-1: Ball
2-1: Foul Ball, location: 2F
2-2: Fly out, F9 (Flyball, 89XD)
Bottom of the 4th over - 3 runs, 1 hit, 0 errors, 0 left on base; Echo Park 2 - Athletic Club KC 4
TOP OF THE 5TH
Echo Park Lakers batting - Pitching for Athletic Club KC : RHP Pedro Ramírez
Batting: RHB Zhenya Worobtsoff 0-0: Ball
1-0: Ball
2-0: Ball
3-0: Base on Balls
Batting: RHB Ismael Sandoval 0-0: Called Strike
0-1: Bunted foul
0-2: Strikes out swinging
Batting: RHB Miguel Morán 0-0: Ball
Wild Pitch!
Zhenya Worobtsoff to second
1-0: Called Strike
1-1: Foul Ball, location: 2F
1-2: Fly out, F9 (Line Drive, 9)
Runner from 2nd tags up, SAFE at 3rd with throw
Batting: LHB Stefan Vanderhoof 0-0: Fly out, F5 (Popup, 5S)
Top of the 5th over - 0 runs, 0 hits, 0 errors, 1 left on base; Echo Park 2 - Athletic Club KC 4
BOTTOM OF THE 5TH
Athletic Club KC batting - Pitching for Echo Park Lakers : LHP Will Hunting
Batting: RHB Khal Drogo 0-0: DOUBLE (Line Drive, 8LD)
Batting: RHB Pil-joong Pak 0-0: Ball
1-0: Called Strike
1-1: Foul Ball, location: 2F
1-2: Ball
2-2: Foul Ball, location: 2F
2-2: Fly out, F9 (Flyball, 89M)
Batting: SHB Pedro Vázquez 0-0: Intentional Walk
Batting: RHB Jesús Vargas 0-0: Foul Ball, location: 2F
0-1: Swinging Strike
0-2: Ball
1-2: Ball
2-2: Ball
3-2: Foul Ball, location: 2F
3-2: Base on Balls
Khal Drogo to third
Pedro Vázquez to second
Batting: RHB Dong-min Cho 0-0: Called Strike
0-1: Fly out, F8 (Flyball, 8RS)
Runner from 3rd tags up, SCORES, no throw
Batting: RHB Richard Younger 0-0: Foul Ball, location: 2F
0-1: Ball
1-1: Fielders Choice at 2nd, 5-4 (Groundball, 56)
Bottom of the 5th over - 1 run, 1 hit, 0 errors, 2 left on base; Echo Park 2 - Athletic Club KC 5
TOP OF THE 6TH
Echo Park Lakers batting - Pitching for Athletic Club KC : RHP Pedro Ramírez
Batting: RHB Guillermo Coss 0-0: Ball
1-0: Swinging Strike
1-1: Ball
2-1: Foul Ball, location: 2F
2-2: SINGLE (Groundball, 3D)
Batting: RHB Jesús Villalba 0-0: Ball
1-0: Called Strike
1-1: Ball
2-1: Ball
3-1: Swinging Strike
3-2: Foul Ball, location: 2F
3-2: Strikes out swinging
Guillermo Coss steals 2nd base
Batter strikes out.
Batting: RHB Yoshihito Samurakami 0-0: Ball
1-0: Ball
2-0: Called Strike
2-1: Foul Ball, location: 2F
2-2: Foul Ball, location: 2F
2-2: Ground out 6-3 (Groundball, 6)
Batting: RHB Joseph Gray 0-0: Called Strike
0-1: Swinging Strike
0-2: Foul Ball, location: 2F
0-2: Ball
1-2: Strikes out swinging
Top of the 6th over - 0 runs, 1 hit, 0 errors, 1 left on base; Echo Park 2 - Athletic Club KC 5
BOTTOM OF THE 6TH
Athletic Club KC batting - Pitching for Echo Park Lakers : LHP Will Hunting
Pitching: RHP Júlio Saldaña
Batting: LHB Tsai Ng 0-0: Fly out, F9 (Flyball, 89M)
Batting: RHB Pedro Solís 0-0: Ball
1-0: Ball
2-0: Foul Ball, location: 2F
2-1: Ball
3-1: DOUBLE (Line Drive, 5D)
Batting: LHB Manuel Domínguez 0-0: Intentional Walk
Batting: RHB Khal Drogo 0-0: Swinging Strike
0-1: Foul Ball, location: 2F
0-2: Foul Ball, location: 2F
0-2: Strikes out looking
Batting: RHB Pil-joong Pak 0-0: Swinging Strike
0-1: Ball
1-1: DOUBLE (Line Drive, 78D)
Pedro Solís scores
Manuel Domínguez to third
Batting: SHB Pedro Vázquez 0-0: Called Strike
0-1: Fly out, F3 (Flyball, 3D)
Bottom of the 6th over - 1 run, 2 hits, 0 errors, 2 left on base; Echo Park 2 - Athletic Club KC 6
TOP OF THE 7TH
Echo Park Lakers batting - Pitching for Athletic Club KC : RHP Pedro Ramírez
Batting: RHB Alfredo Mojica 0-0: Fly out, F6 (Line Drive, 6)
Batting: RHB Zhenya Worobtsoff 0-0: Foul Ball, location: 2F
0-1: Ball
1-1: Swinging Strike
1-2: Strikes out swinging
Batting: RHB Ismael Sandoval 0-0: Called Strike
0-1: Fly out, F8 (Line Drive, 8LS)
Top of the 7th over - 0 runs, 0 hits, 0 errors, 0 left on base; Echo Park 2 - Athletic Club KC 6
BOTTOM OF THE 7TH
Athletic Club KC batting - Pitching for Echo Park Lakers : RHP Júlio Saldaña
Batting: RHB Jesús Vargas 0-0: Fly out, F9 (Flyball, 89M)
Batting: RHB Dong-min Cho 0-0: Swinging Strike
0-1: Fly out, F9 (Flyball, 9)
Batting: RHB Richard Younger 0-0: Ball
1-0: Called Strike
1-1: Foul Ball, location: 2F
1-2: Foul Ball, location: 2F
1-2: Strikes out swinging
Bottom of the 7th over - 0 runs, 0 hits, 0 errors, 0 left on base; Echo Park 2 - Athletic Club KC 6
TOP OF THE 8TH
Echo Park Lakers batting - Pitching for Athletic Club KC : RHP Pedro Ramírez
Batting: RHB Miguel Morán 0-0: Called Strike
0-1: Fly out, F6 (Popup, 4MS)
Pitching: RHP Bobby Swain
Batting: LHB Stefan Vanderhoof 0-0: Foul Ball, location: 2F
0-1: Foul Ball, location: 2F
0-2: Strikes out swinging
Batting: RHB Guillermo Coss 0-0: Called Strike
0-1: Ball
1-1: Called Strike
1-2: Strikes out swinging, 2-3 out at first.
Top of the 8th over - 0 runs, 0 hits, 0 errors, 0 left on base; Echo Park 2 - Athletic Club KC 6
BOTTOM OF THE 8TH
Athletic Club KC batting - Pitching for Echo Park Lakers : RHP Júlio Saldaña
Batting: LHB Tsai Ng 0-0: DOUBLE (Line Drive, 7LD)
Batting: RHB Pedro Solís 0-0: Called Strike
0-1: Ball
1-1: Fly out, F7 (Flyball, 7S)
Batting: LHB Manuel Domínguez 0-0: Intentional Walk
Batting: RHB Khal Drogo 0-0: Ball
1-0: Foul Ball, location: 2F
1-1: Ball
2-1: Swinging Strike
2-2: Ball
3-2: Fielders Choice at 2nd, 3-6 (Groundball, 34)
Tsai Ng to third
Batting: RHB Pil-joong Pak 0-0: Ground out 5-3 (Groundball, 5S)
Bottom of the 8th over - 0 runs, 1 hit, 0 errors, 2 left on base; Echo Park 2 - Athletic Club KC 6
TOP OF THE 9TH
Echo Park Lakers batting - Pitching for Athletic Club KC : RHP Bobby Swain
Batting: RHB Jesús Villalba 0-0: Ball
1-0: SINGLE (Groundball, 25) (infield hit)
Batting: RHB Yoshihito Samurakami 0-0: Ball
1-0: Swinging Strike
1-1: Foul Ball, location: 2F
1-2: Strikes out swinging
Batting: RHB Joseph Gray 0-0: Ball
1-0: Ball
2-0: Called Strike
2-1: Foul Ball, location: 2F
2-2: Foul Ball, location: 2F
2-2: Foul Ball, location: 2F
2-2: Fly out, F3 (Popup, 3SF)
Batting: RHB Alfredo Mojica 0-0: Ball
1-0: Ball
2-0: Ball
3-0: Base on Balls
Jesús Villalba to second
Pitching: LHP Daniel Katz
Batting: RHB Zhenya Worobtsoff 0-0: Ball
1-0: Ball
2-0: Fly out, F9 (Flyball, 89M)
Top of the 9th over - 0 runs, 1 hit, 0 errors, 2 left on base; Echo Park 2 - Athletic Club KC 6
Sunday, March 18th, 2018 - OOTP Baseball 18.8 Build 76